 Dungeon Crawl Stone Soup version 0.30-a0-166-g5d06c95188 (webtiles) character file.

Game seed: 15424333696330115312

4865 Malachi the Martial Artist (level 10, -11/81 HPs)
             Began as a Demonspawn Transmuter on Sept 29, 2022.
             Was a Believer of Ru.
             Killed by divine providence
             ... invoked by an orc priest
              (13 damage)
             ... on level 8 of the Dungeon.
             The game lasted 00:11:54 (8315 turns).

Malachi the Martial Artist (Demonspawn Transmuter)  Turns: 8315, Time: 00:11:54

Health: -11/81     AC: 11    Str: 10    XL:     10   Next: 26%
Magic:  13/13      EV: 12    Int: 14    God:    Ru [**....]
Gold:   363        SH:  4    Dex: 19    Spells: 12/13 levels left

rFire   . . .      SeeInvis .      - Unarmed
rCold   . . .      Faith    .    (no shield)
rNeg    + . .      Spirit   .    w - +2 robe {Archmagi}
rPois   .          Reflect  .    (no helmet)
rElec   .          Harm     .    t - +0 cloak
rCorr   .          Rampage  .    (no gloves)
Will    .....      Archmagi +    (no boots)
Stlth   ++........               d - amulet of regeneration
HPRegen 1.03/turn                n - ring of positive energy
MPRegen 0.26/turn                (no ring)

@: brilliant, lethally poisoned (-11 -> -11), flying, studying Air Magic
A: thin metallic scales 1, icemail 1, magic regeneration, inability to use
devices, condensation shield, demonic touch 1
a: Renounce Religion


You were on level 8 of the Dungeon.
You worshipped Ru.
Ru was pleased with you.
You visited 2 branches of the dungeon, and saw 9 of its levels.

You collected 363 gold pieces.

Inventory:

Hand Weapons
 b - a +1 spectral quarterstaff
 r - a +2 antimagic short sword
Missiles
 c - 5 curare-tipped darts (quivered)
 u - 17 poisoned darts
Armour
 t - a +0 cloak (worn)
 w - a +2 robe of the Archmagi (worn)
Magical Staves
 a - a staff of cold
Jewellery
 d - an amulet of regeneration (around neck)
 n - a ring of positive energy (left hand)
Scrolls
 e - a scroll of enchant weapon
 k - 2 scrolls of poison
 o - 2 scrolls of butterflies
 q - a scroll of blinking
 x - a scroll of silence
 y - a scroll of torment
 A - 3 scrolls of amnesia {unknown}
 B - a scroll of identify
 C - a scroll of teleportation {unknown}
Potions
 f - 3 potions of attraction
 g - a potion of invisibility {unknown}
 h - 2 potions of brilliance
 i - 2 potions of flight
 j - 2 potions of cancellation {unknown}
 l - a potion of berserk rage {unknown}
 m - 8 potions of curing {unknown}
 p - a potion of ambrosia {unknown}
 s - 2 potions of mutation {unknown}
 v - 2 potions of haste {unknown}
 z - 2 potions of heal wounds {unknown}


   Skills:
 + Level 8.3 Fighting
 - Level 1.7 Dodging
 - Level 12.0 Unarmed Combat
 - Level 2.0 Spellcasting
 - Level 1.7 Transmutations


You had 12 spell levels left.
You knew the following spells:

 Your Spells              Type           Power      Damage    Failure   Level
a - Beastly Appendage     Tmut           28%        N/A       12%         1

Your spell library contained the following spells:

 Spells                   Type           Power      Damage    Failure   Level
 Wereblood                Tmut           14%        N/A       17%         2
 Spider Form              Tmut/Pois      8%         N/A       45%         3
 Ice Form                 Ice/Tmut       8%         N/A       86%         4
 Manifold Assault         Tloc           3%         N/A       93%         4
 Dispersal                Tloc           1%         N/A       100%        6
 Disjunction              Tloc           1%         N/A       100%        8


Dungeon Overview and Level Annotations

Branches:
Dungeon (8/15)             Temple (1/1) D:4            Lair (0/5) D:8

Altars:
Ashenzari
Cheibriados
Dithmenos
Fedhas
Hepliaklqana
Kikubaaqudgha
Makhleb
Nemelex Xobeh
Okawaru
Qazlal
Ru
Sif Muna
Trog
Uskayaw
Vehumet
Wu Jian
Xom
Yredelemnul

Shops:
D:5 (


Innate Abilities, Weirdness & Mutations

You are partially covered in thin metallic scales. (AC +2)
A meltable icy envelope protects you from harm. (AC +4)
You regenerate magic rapidly.
You cannot study or use magical devices.
A meltable shield of frost defends you. (SH +4)
Your touch may inflict minor irresistible damage on your foes.


Message History

You punch the orc priest!
The orc priest is almost dead.
You feel sick. The killer bee closely misses you.
The orc priest calls down the wrath of Beogh upon you.
Beogh smites you!
* * * LOW HITPOINT WARNING * * *
The orc priest hits you with a +0 dagger.
* * * LOW HITPOINT WARNING * * *
Really quaff the potion of attraction?
Okay, then.
It was a potion of brilliance.
You feel clever all of a sudden.
You feel very sick.
The killer bee is stunned by your conviction and fails to attack.
The killer bee closely misses you.
The orc priest hits you with a +0 dagger.
* * * LOW HITPOINT WARNING * * *
It was a potion of flight.
You feel very buoyant.
You fly up into the air.
You feel sick.
The killer bee stings you but does no damage. x2
The orc priest looks encouraged for a moment.
The orc priest hits you with a +0 dagger.
* * * LOW HITPOINT WARNING * * *
Okay, then.
Blink to where?
Press: ? - help, Dir - move target, p - killer bee
As you read the scroll of blinking, it crumbles to dust.
You feel sick.
An orc comes into view. It is wielding a +0 short sword.
You feel sick.
You feel sick.
You feel sick.
The orc priest calls down the wrath of Beogh upon you.
Beogh smites you!
* * * LOW HITPOINT WARNING * * *
You feel sick.
The orc priest calls down the wrath of Beogh upon you.
Beogh smites you!
You die...

#### #############..........
###..###...#.)#..#.#..........
####..)...###...##.##.#..........
.....#......###....#..#..........
.....#'#......###....##..........
.....#.###......###.).#..........
.....#.. ###......###.#.[......^.
.####### ###......#'#..........
)#### ###@.....#..#.####.# ....#
##......#####.# #..# ....##
##.y....## #.# #.## .....#
##......## ####.###.# ....##
##......## #........# ....#
##......## ##...##.## #####
##..o...## #.####.# ##o.....##
##.# #.# ##### ##......##. #..#
#.#


You could see a killer bee and 2 orc priests.

Vanquished Creatures
  A two-headed ogre (D:8)
  A boulder beetle (D:8)
  A hornet (D:8)
  2 wyverns (D:8)
  A water moccasin (D:7)
  2 sky beasts
  3 ice beasts
  A black bear (D:5)
  An orc warrior (D:8)
  An ogre (D:5)
  2 phantoms
  2 kobold brigands (D:8)
  9 bullfrogs
  5 scorpions
  12 wights
  A howler monkey (D:8)
  A jelly (D:5)
  4 orc priests (D:4)
  3 hounds
  3 orc wizards
  4 iguanas
  6 adders
  2 worms
  4 dart slugs
  25 orcs
  4 bats
  8 endoplasms
  3 giant cockroaches
  5 goblins
  9 hobgoblins
  4 jackals (D:3)
  A quokka (D:3)
  5 ball pythons
  5 frilled lizards
  16 kobolds
  3 rats
160 creatures vanquished.

Vanquished Creatures (others)
  A kobold (D:8)
  13 plants
14 creatures vanquished.

Grand Total: 174 creatures vanquished

Notes
Turn   | Place    | Note
-------+----------+-------------------------------------------
     0 | D:1      | Malachi the Demonspawn Transmuter began the quest for the
                  | Orb.
     0 | D:1      | Reached XP level 1. HP: 15/15 MP: 3/3
    99 | D:1      | Reached skill level 3 in Unarmed Combat
   509 | D:1      | Gained mutation: A meltable shield of frost defends you.
                  | (SH +4) [demonic ancestry]
   509 | D:1      | Reached XP level 2. HP: 18/21 MP: 3/5
  1491 | D:2      | Reached XP level 3. HP: 26/26 MP: 4/6
  1516 | D:2      | Reached skill level 4 in Unarmed Combat
  1703 | D:2      | Found a faded altar of an unknown god.
  2881 | D:3      | Gained mutation: A meltable icy envelope protects you from
                  | harm. (AC +4) [demonic ancestry]
  2881 | D:3      | Reached XP level 4. HP: 32/32 MP: 5/7
  3120 | D:3      | Found a shimmering altar of Xom.
  3491 | D:4      | Found a staircase to the Ecumenical Temple.
  3502 | D:4      | Reached skill level 5 in Unarmed Combat
  3502 | D:4      | Reached XP level 5. HP: 31/37 MP: 6/8
  3529 | D:4      | Noticed a black bear
  3559 | D:4      | Noticed a phantom
  3559 | D:4      | Noticed an ice beast
  3577 | D:3      | Killed a phantom
  3611 | D:3      | Killed an ice beast
  3612 | D:3      | Reached skill level 6 in Unarmed Combat
  3612 | D:3      | Gained mutation: You regenerate magic rapidly. [demonic
                  | ancestry]
  3612 | D:3      | Reached XP level 6. HP: 25/43 MP: 9/9
  3770 | D:4      | You fall into a shaft and drop 2 floors!
  3813 | D:6      | Found a blossoming altar of Fedhas.
  3816 | D:6      | Found a hide-covered altar of Uskayaw.
  3852 | D:6      | Found an iron altar of Okawaru.
  3873 | D:6      | Noticed an ice beast
  3886 | D:6      | Noticed a sky beast
  3888 | D:6      | Killed an ice beast
  3889 | D:6      | Reached skill level 7 in Unarmed Combat
  3908 | D:6      | Killed a sky beast
  3909 | D:6      | Gained mutation: Your touch may inflict minor irresistible
                  | damage on your foes. [demonic ancestry]
  3909 | D:6      | Reached XP level 7. HP: 40/48 MP: 10/10
  4046 | D:5      | Entered Level 5 of the Dungeon
  4169 | D:5      | Reached skill level 8 in Unarmed Combat
  4465 | D:4      | Reached skill level 9 in Unarmed Combat
  4465 | D:4      | Reached XP level 8. HP: 52/54 MP: 11/11
  4699 | D:4      | Found a radiant altar of Vehumet.
  4837 | D:4      | Found a hazy altar of Hepliaklqana.
  5094 | Temple   | Entered the Ecumenical Temple
  5238 | Temple   | Became a worshipper of Ru the Awakened
  5319 | D:5      | Found a stormy altar of Qazlal.
  5598 | D:5      | Found Osifel's Weapon Boutique.
  6066 | D:6      | Found an ornate altar of the Wu Jian Council.
  6266 | D:6      | Reached skill level 10 in Unarmed Combat
  6344 | D:6      | Gained mutation: You cannot study or use magical devices.
                  | [Ru sacrifice]
  6344 | D:6      | Reached * piety under Ru
  6344 | D:6      | Reached ** piety under Ru
  6967 | D:7      | Reached skill level 11 in Unarmed Combat
  6994 | D:7      | Gained mutation: You are partially covered in thin metallic
                  | scales. (AC +2) [demonic ancestry]
  6994 | D:7      | Reached XP level 9. HP: 59/59 MP: 12/12
  7429 | D:8      | Noticed a boulder beetle
  7441 | D:8      | Killed a boulder beetle
  7442 | D:8      | Reached skill level 12 in Unarmed Combat
  7493 | D:8      | Noticed a two-headed ogre
  7500 | D:8      | Killed a two-headed ogre
  7934 | D:8      | Reached XP level 10. HP: 73/76 MP: 13/13
  7979 | D:8      | Found a staircase to the Lair.
  8314 | D:8      | HP: 2/81 [orc priest/divine providence (10)]
  8315 | D:8      | Killed from afar by an orc priest

Illustrated notes

Levels and vault maps discovered:
D:1:      minmay_arrival_diagonal_passages, layout_loops_cross,
          serial_bayou_pond_b, chequers_decorated_corner
D:2:      layout_loops_cross, hellmonk_ecumenical_altar_run_dry
D:3:      layout_basic, xom_teletrap_fun, serial_glass, glass_columns_b,
          glass_columns_b, glass_columns_a, glass_columns_a, glass_columns_b,
          glass_columns_a, glass_columns_c, glass_columns_a, glass_columns_b,
          glass_columns_a, glass_columns_c, glass_columns_a, glass_columns_a,
          glass_columns_a
D:4:      layout_cave_pods, mainiacjoe_overflow_surrounded_room,
          kennysheep_little_box, minmay_temple_entry_gardened_gates
D:5:      layout_basic, lemuel_doored_altar, serial_shops, nicolae_shop_trees
D:6:      layout_basic, nicolae_wu_jian_immortal_techniques,
          mainiacjoe_overflow_cross_hatched, mainiacjoe_overflow_large_starburst
D:7:      layout_rooms
D:8:      minmay_razor_zed, layout_rooms
Temple:   hellmonk_temple_flake

Skill      XL: |  1  2  3  4  5  6  7  8  9 10 |
---------------+-------------------------------+-----
Unarmed Combat | 3 4 5 6 7 9 11 12 | 12.0
Fighting       | 6 8 |  8.3
Dodging        | |  1.7
Spellcasting   | |  2.0
Transmutations | |  1.7

Action                   |  1- 3 |  4- 6 |  7- 9 | 10-12 || total
-------------------------+-------+-------+-------+-------++-------
Melee: Unarmed           |   118 |   133 |   208 |    69 ||   528
       Kick              |    17 |    14 |    29 |       ||    60
       Headbutt          |    13 |     6 |    20 |       ||    39
       Punch             |     3 |     7 |    12 |     3 ||    25
       Touch             |       |       |    44 |     7 ||    51
Throw: Dart              |       |       |    10 |     6 ||    16
 Cast: Beastly Appendage |    18 |     7 |    24 |       ||    49
Invok: Sacrifice Artific |       |       |     1 |       ||     1
  Use: Potion            |       |     1 |       |     2 ||     3
       Scroll            |       |       |     8 |     1 ||     9
 Stab: Sleeping          |     4 |     1 |     3 |       ||     8
Armor: Robe              |    23 |       |    27 |    19 ||    69
       Leather armour    |     1 |    54 |    18 |       ||    73
       Skin              |       |     3 |       |       ||     3
Dodge: Dodged            |    64 |    67 |    69 |    44 ||   244
Block: Other             |    19 |    26 |    27 |    11 ||    83

Table legend: (Time is in decaauts)
 A = Elapsed time spent in this place.
 B = Non-inter-level travel time spent in this place.
 C = Inter-level travel time spent in this place.
 D = Time resting spent in this place.
 E = Time spent auto-exploring this place.
 F = Levels seen in this place.
 G = Mean time per level.
                   A        B        C        D        E       F      G
               +--------+--------+--------+--------+--------+-----+--------+
         Total |   8247 |   7778 |    469 |   1477 |   5028 |   9 |  916.3 |
       Dungeon |   8091 |   7632 |    459 |   1477 |   4896 |   8 | 1011.4 |
        Temple |    155 |    145 |     10 |      0 |    132 |   1 |  155.0 |
               +--------+--------+--------+--------+--------+-----+--------+

Top non-repeatable levels by time:
     D:1: 1459 daAuts
     D:2: 1315 daAuts
     D:6: 1200 daAuts
     D:4: 958 daAuts
     D:8: 865 daAuts
     D:5: 838 daAuts
     D:3: 821 daAuts
     D:7: 632 daAuts
  Temple: 155 daAuts
